Map: Romanticide LE

Players

Serral - Winner!

  • Race: Zerg Zerg
  • League: Grandmaster
  • Spawn Location: 11:00

Rail

  • Race: Protoss Protoss
  • League: Master
  • Spawn Location: 5:00

Event: DreamHack SC2 Masters 2020 Winter

VOD

Have the link to the VOD?

Description

Time

  • Played on: Nov. 1, 2020, 1:41 p.m.
  • Length: 11:32

All games in this series

Show
View Real Time Build Order
Export as new Build Order

Serral Zerg - Winner!

Build Orders: Hatch First 

Get SALT Encoding   

  12  0:00  Drone  
  13  0:12  Overlord  
  13  0:16  Drone  
  14  0:31  Drone  
  14  0:32  Drone  
  16  0:47  Hatchery  
  15  0:52  Drone  
  15  0:54  Drone  
  17  0:58  Drone  
  18  1:09  Extractor  
  17  1:14  Spawning Pool  
  17  1:18  Drone  
  17  1:20  Drone  
  18  1:27  Drone  
  19  1:39  Drone  
  20  1:48  Overlord  
  20  2:00  Queen  
  20  2:01  Queen, Zergling x2  
  24  2:02  Zergling x2  
  26  2:11  Drone x2  
  28  2:21  Drone  
  28  2:22  Drone  
  30  2:32  Hatchery  
  30  2:35  Drone  
  30  2:36  Drone  
  31  2:40  Pneumatized Carapace  
  31  2:45  Overlord  
  31  2:52  Queen  
  31  2:54  Drone  
  31  2:57  Drone  
  35  3:00  Drone  
  36  3:09  Drone x4  
  36  3:11  Drone  
  36  3:12  Drone  
  42  3:16  Overlord  
  42  3:20  Metabolic Boost  
  42  3:27  Queen  
  42  3:30  Overlord  
  44  3:39  Drone  
  44  3:40  Drone  
  44  3:41  Drone x4  
  50  3:45  Queen  
  52  3:51  Overlord  
  52  3:56  Drone x4  
  56  4:03  Roach Warren  
  56  4:04  Drone x2  
  56  4:05  Drone  
  56  4:07  Overlord  
  58  4:11  Overlord  
  58  4:12  Drone  
  58  4:15  Overlord  
  58  4:16  Drone  
  60  4:21  Lair  
  60  4:23  Drone x2  
  62  4:25  Overlord  
  62  4:27  Drone  
  62  4:29  Extractor  
  62  4:30  Extractor  
  61  4:34  Drone x2, Spore Crawler  
  61  4:35  Evolution Chamber  
  61  4:37  Drone  
  62  4:45  Zergling x8  
  66  4:47  Drone x3  
  66  4:50  Overlord  
  66  4:52  Drone x3, Spore Crawler  
  71  4:57  Drone  
  72  5:02  Zerg Melee Weapons Level 1  
  72  5:07  Drone  
  72  5:08  Drone x2  
  72  5:11  Overlord  
  72  5:13  Extractor  
  74  5:14  Overlord  
  74  5:16  Drone  
  74  5:18  Roach x3  
  81  5:23  Roach x2  
  81  5:24  Roach  
  81  5:27  Hatchery  
  86  5:29  Drone x4, Extractor  
  86  5:30  Zergling x2  
  89  5:37  Zergling x2  
  89  5:38  Zergling x8  
  89  5:40  Ravager x2  
  96  5:43  Zergling x8  
  96  5:48  Zergling x4  
  102  5:53  Extractor  
  101  5:58  Extractor  
  101  5:59  Baneling Nest  
  101  6:02  Ravager x2  
  101  6:03  Roach, Zergling x6  
  105  6:09  Overlord  
  105  6:16  Zergling x14  
  109  6:22  Drone  
  110  6:27  Drone x3  
  110  6:32  Drone x3  
  116  6:33  Glial Reconstitution  
  116  6:34  Ravager x3  
  116  6:39  Drone  
  125  6:40  Drone x5  
  125  6:48  Drone x3  
  125  6:50  Overlord  
  125  6:53  Centrifical Hooks  
  128  6:58  Overlord x6  
  128  7:03  Evolution Chamber  
  128  7:04  Zerg Melee Weapons Level 2  
  128  7:07  Queen  
  128  7:08  Overlord x2  
  129  7:10  Overlord  
  127  7:17  Drone x8  
  127  7:18  Drone  
  127  7:22  Drone  
  135  7:23  Drone  
  135  7:26  Roach x2  
  135  7:27  Roach  
  135  7:28  Baneling x3, Infestation Pit  
  135  7:29  Baneling  
  141  7:31  Zerg Missile Weapons Level 1  
  141  7:36  Drone x5  
  146  7:37  Drone  
  146  7:38  Drone  
  146  7:39  Drone  
  146  7:41  Extractor  
  146  7:42  Baneling x4  
  148  7:45  Zergling x8  
  152  7:52  Hatchery  
  152  7:53  Ravager x2  
  152  7:54  Ravager  
  152  7:57  Overlord  
  154  8:00  Roach  
  154  8:01  Roach x4  
  164  8:06  Hive  
  164  8:09  Baneling x11  
  164  8:10  Baneling x2  
  164  8:16  Zergling x16  
  172  8:25  Overlord  
  170  8:29  Baneling x15  
  170  8:33  Drone  
  170  8:34  Drone x6  
  174  8:35  Hatchery  
  174  8:39  Baneling x6  
  174  8:40  Baneling x2  
  176  8:46  Zergling x16  
  184  8:51  Overlord  
  181  8:58  Ravager x3  
  181  8:59  Ravager x2  
  186  9:03  Zergling x28  
  200  9:10  Baneling x8  
  200  9:21  Adrenal Glands  
  200  9:26  Spore Crawler  
  200  9:28  Spine Crawler x2  
  196  9:32  Viper  
  196  9:41  Extractor  
  196  9:42  Drone x3  
  196  9:44  Zergling x10  
  199  10:02  Overseer, Overlord  
  199  10:09  Spine Crawler  
  199  10:12  Baneling x8  
  199  10:13  Baneling x8  
  196  10:32  Baneling x10  
  196  10:40  Overseer  
  195  10:48  Zergling x54  
  195  10:49  Zergling x14  
  170  10:57  Roach  
  170  10:58  Roach x14  
  189  11:09  Roach x4  
  189  11:10  Roach x7  
Show
View Real Time Build Order
Export as new Build Order

Rail Protoss 

Build Orders: 1 Gate Expand 

Get SALT Encoding   

  12  0:00  Probe  
  13  0:12  Probe  
  14  0:18  Pylon  
  14  0:24  Probe (Chrono Boost)  
  15  0:37  Probe (Chrono Boost)  
  15  0:39  Gateway  
  16  0:45  Probe (Chrono Boost)  
  16  0:46  Assimilator  
  17  0:51  Probe  
  18  1:03  Probe  
  19  1:15  Probe  
  20  1:23  Nexus  
  20  1:34  Cybernetics Core  
  20  1:36  Probe  
  21  1:43  Assimilator  
  21  1:48  Probe  
  21  1:51  Pylon  
  22  2:00  Probe (Chrono Boost)  
  23  2:10  Stalker, Warp Gate  
  23  2:12  Probe (Chrono Boost)  
  26  2:17  Probe (Chrono Boost)  
  27  2:27  Robotics Facility, Probe (Chrono Boost)  
  28  2:36  Probe (Chrono Boost)  
  29  2:39  Probe (Chrono Boost)  
  29  2:41  Stalker  
  32  2:45  Probe (Chrono Boost)  
  32  2:46  Probe (Chrono Boost)  
  32  2:50  Probe (Chrono Boost)  
  34  2:52  Probe  
  34  2:57  Gateway  
  36  3:02  Probe  
  36  3:04  Shield Battery  
  37  3:06  Probe  
  38  3:14  Probe  
  38  3:16  Robotics Bay, Observer (Chrono Boost)  
  38  3:18  Probe  
  41  3:26  Probe  
  42  3:28  Warp Prism (Chrono Boost)  
  44  3:36  Pylon, Probe  
  44  3:38  Probe  
  44  3:41  Assimilator  
  46  3:51  Assimilator  
  46  3:54  Probe x2  
  48  3:58  Gateway  
  48  4:02  Disruptor (Chrono Boost)  
  48  4:03  Gravitic Drive (Chrono Boost), Gateway  
  48  4:06  Probe  
  48  4:09  Probe  
  53  4:16  Pylon  
  53  4:18  Probe  
  54  4:27  Gateway  
  54  4:31  Pylon  
  54  4:34  Probe  
  54  4:35  Gateway  
  54  4:38  Probe, Sentry  
  56  4:39  Zealot  
  56  4:41  Pylon  
  60  4:46  Immortal (Chrono Boost)  
  60  4:52  Pylon  
  64  4:55  Sentry  
  64  4:58  Sentry  
  68  5:06  Nexus  
  68  5:07  Sentry  
  70  5:17  Probe  
  70  5:19  Pylon  
  71  5:22  Sentry x2  
  71  5:23  Shield Battery  
  71  5:24  Zealot x2  
  79  5:30  Zealot  
  79  5:31  Probe  
  82  5:36  Pylon, Probe  
  83  5:45  Probe  
  83  5:49  Stalker x3, Sentry  
  92  5:52  Zealot  
  94  5:57  Probe  
  95  6:05  Twilight Council  
  95  6:07  Forge  
  95  6:10  Probe (Chrono Boost)  
  97  6:15  Probe (Chrono Boost)  
  98  6:20  Probe (Chrono Boost)  
  98  6:23  Probe (Chrono Boost)  
  98  6:24  Colossus  
  106  6:26  Stalker  
  106  6:28  Probe (Chrono Boost)  
  106  6:31  Stalker, Probe (Chrono Boost)  
  112  6:33  Probe (Chrono Boost)  
  112  6:36  Probe x2 (Chrono Boost)  
  112  6:38  Pylon  
  114  6:42  Probe  
  114  6:43  Protoss Ground Weapons Level 1  
  114  6:45  Blink  
  110  6:54  Probe  
  110  6:55  Probe  
  110  6:56  Probe  
  110  6:57  Assimilator  
  110  6:58  Assimilator  
  110  6:59  Pylon, Zealot  
  105  7:04  Zealot  
  105  7:06  Probe (Chrono Boost)  
  101  7:18  Probe (Chrono Boost)  
  105  7:24  Probe (Chrono Boost)  
  105  7:25  Probe (Chrono Boost)  
  105  7:26  Colossus (Chrono Boost), Probe (Chrono Boost)  
  111  7:31  Extended Thermal Lance (Chrono Boost)  
  111  7:32  Probe (Chrono Boost)  
  111  7:34  Probe (Chrono Boost)  
  114  7:37  Probe (Chrono Boost)  
  114  7:39  Stalker  
  114  7:40  Stalker, Probe (Chrono Boost)  
  114  7:43  Probe (Chrono Boost)  
  121  7:44  Probe (Chrono Boost)  
  121  7:45  Probe (Chrono Boost)  
  121  7:50  Pylon x2, Sentry  
  121  7:51  Sentry  
  126  7:52  Probe  
  126  7:55  Probe  
  128  7:59  Gateway x2  
  128  8:02  Probe  
  128  8:04  Stalker  
  128  8:05  Probe  
  132  8:09  Gateway  
  132  8:18  Stalker x2  
  136  8:26  Probe  
  132  8:31  Colossus (Chrono Boost)  
  138  8:38  Pylon  
  138  8:45  Pylon  
  138  8:51  Stalker  
  138  8:53  Stalker x2, Sentry  
  138  8:55  Protoss Ground Weapons Level 2 (Chrono Boost)  
  146  8:56  Pylon  
  146  8:57  Pylon  
  146  9:02  Charge  
  146  9:09  Pylon  
  146  9:12  Stalker x2, Sentry  
  152  9:19  Colossus (Chrono Boost)  
  158  9:32  Pylon  
  158  9:35  Stalker x2  
  158  9:45  Stalker x2  
  160  9:48  Stalker x3  
  160  9:51  Stalker  
  170  9:53  Zealot  
  172  10:02  Stalker, Sentry  
  176  10:20  Stalker x2  
  176  10:21  Stalker x5  
  190  10:32  Stalker x2  
  158  10:55  Stalker x2  
  158  10:56  Stalker x5  
  129  11:02  Sentry  
  129  11:03  Stalker  
  91  11:25  Stalker, Zealot x4  
  79  11:26  Zealot x2  
Tags
 
Add a new tag
Caveats
  • Supply blocks, unpowered buildings, or Contaminate may cause inaccurate times.
  • Supply counts are checked every 10 seconds.